 Dungeon Crawl Stone Soup version 0.30-a0-29-g142975f185 (webtiles) character file.

Game seed: 16420239713595805121

2758 Spectrina the Skirmisher (level 9, -2/52 HPs)
             Began as a Deep Elf Monk on Aug 26, 2022.
             Was a High Priest of Dithmenos.
             Slain by a wight
             ... wielding a +4 flail of freezing
              (10 damage)
             ... on level 8 of the Dungeon.
             The game lasted 00:31:13 (3583 turns).

Spectrina the Skirmisher (Deep Elf Monk)            Turns: 3583, Time: 00:31:13

Health: -2/52      AC:  4    Str:  8    XL:     9   Next: 41%
Magic:  16/16      EV: 14    Int: 16    God:    Dithmenos [*****.]
Gold:   446        SH:  0    Dex: 24    Spells: 8/8 levels left

rFire   . . .      SeeInvis .    p - +1 longbow "Hellblazer" {flame, Dex+3}
rCold   . . .      Faith    .    (shield currently unavailable)
rNeg    . . .      Spirit   .    b - +0 robe
rPois   .          Reflect  .    (no helmet)
rElec   .          Harm     .    (no cloak)
rCorr   .          Rampage  .    j - +1 Delatra's gloves {ID++}
Will    .....                    (no boots)
Stlth   +++++++...               r - amulet of the acrobat
HPRegen 0.17/turn                (no ring)
MPRegen 0.15/turn                (no ring)

@: wreathed by umbra
A: no striking features
a: Renounce Religion, Shadow Step, Shadow Form


You were on level 8 of the Dungeon.
You worshipped Dithmenos.
Dithmenos was extremely pleased with you.
You visited 1 branch of the dungeon, and saw 8 of its levels.
You also visited: Sewer.

You collected 446 gold pieces.

Inventory:

Hand Weapons
 a - a +0 short sword
 c - a +1 vampiric short sword
 k - a +3 sling
 p - the +1 longbow "Hellblazer" (weapon) {flame, Dex+3}
   (You found it on level 5 of the Dungeon)

   Any ammunition fired from it burns those it strikes, dealing additional fire
   damage.
   Dex:       It affects your dexterity (+3).
 q - a +0 rapier
Missiles
 i - 7 javelins
 s - 10 curare-tipped darts
Armour
 b - a +0 robe (worn)
 j - the +1 Delatra's gloves (worn) {ID++}
   (You found it on level 2 of the Dungeon)

   It heals its wearer when they drink unknown potions.
   It restores its wearer's MP when they read unknown scrolls.
Jewellery
 r - an amulet of the acrobat (around neck)
 A - a ring of fire
Wands
 v - a wand of flame (16)
 w - a wand of charming (5)
 y - a wand of polymorph (6)
Scrolls
 d - 5 scrolls of teleportation {unknown}
 f - a scroll of poison {unknown}
 g - 4 scrolls of identify {unknown}
 n - a scroll of fear {unknown}
 x - a scroll of fog {unknown}
Potions
 e - a potion of heal wounds
 h - 3 potions of haste
 l - 3 potions of curing
 m - 2 potions of magic
 o - 2 potions of might {unknown}
 t - a potion of attraction {unknown}
 u - a potion of flight
 z - a potion of lignification {unknown}


   Skills:
 + Level 3.7 Fighting
 - Level 3.0 Short Blades
 * Level 11.0 Ranged Weapons
 - Level 3.6 Dodging
 - Level 8.0 Stealth
 + Level 7.6 Invocations


You had 8 spell levels left.
You didn't know any spells.
Your spell library contained the following spells:

 Spells                   Type           Power      Damage    Failure   Level
 Sublimation of Blood     Necr           0%         N/A       36%         2
 Petrify                  Tmut/Erth      0%         N/A       94%         4
 Irradiate                Conj/Tmut      0%         3d11      100%        5


Dungeon Overview and Level Annotations

Branches:
Dungeon (8/15)             Temple (0/1) D:4           Sewer (visited)
   Lair: D:8-11

Altars:
Ashenzari
Dithmenos
Elyvilon
Fedhas
Gozag
Kikubaaqudgha
Ru
Trog
Uskayaw
Wu Jian
Xom

Shops:
D:7 (


Message History

Aim: a wight, wielding a +2 falchion and wearing a +0 robe (moderately damaged, umbra, 69% to hit)
You shoot an arrow. The arrow completely misses the wight.
Unknown command.
Fire: p) +1 longbow "Hellblazer" {flame, Dex+3}
Press: ? - help, Q - select action, (/) - cycle Shift-Dir - straight line, f/p - wight
Aim: a wight, wielding a +2 falchion and wearing a +0 robe (moderately damaged, umbra, 69% to hit)
You shoot an arrow. The arrow hits the wight.
The arrow burns the wight.
The wight is heavily damaged.
Fire: p) +1 longbow "Hellblazer" {flame, Dex+3}
Press: ? - help, Q - select action, (/) - cycle Shift-Dir - straight line, f/p - wight
Aim: a wight, wielding a +2 falchion and wearing a +0 robe (heavily damaged, umbra, 69% to hit)
You shoot an arrow. The arrow hits the wight!
The arrow burns the wight.
You destroy the wight!
Dithmenos accepts your kill.
The wight hits you with a +4 flail of freezing!
The wight freezes you. The wight closely misses you.
Your Ranged Weapons skill increases to level 11!
Unknown command.
Fire: p) +1 longbow "Hellblazer" {flame, Dex+3}
Press: ? - help, Q - select action, (/) - cycle Shift-Dir - straight line, f - wight
Aim: a wight, wielding a +4 flail of freezing and wearing a +0 robe (umbra, 69% to hit)
You shoot an arrow. The arrow barely misses the wight.
The wight hits you with a +4 flail of freezing!
* * * LOW HITPOINT WARNING * * *
The wight freezes you.
* * * LOW HITPOINT WARNING * * *
Unknown command.
Fire: p) +1 longbow "Hellblazer" {flame, Dex+3}
Press: ? - help, Q - select action, (/) - cycle Shift-Dir - straight line, f/p - wight
Aim: a wight, wielding a +4 flail of freezing and wearing a +0 robe (umbra, 69% to hit)
You shoot an arrow.
The arrow hits the wight but does no damage.
The wight barely misses you.
Fire: p) +1 longbow "Hellblazer" {flame, Dex+3}
Press: ? - help, Q - select action, (/) - cycle Shift-Dir - straight line, f/p - wight
Aim: a wight, wielding a +4 flail of freezing and wearing a +0 robe (umbra, 69% to hit)
You shoot an arrow. The arrow hits the wight.
The arrow burns the wight.
The wight is lightly damaged.
The wight hits you with a +4 flail of freezing!
You die...

.......
..)....
.......
!.....$##
........#
........#
......z.#
......)@#
....$...#
.......##
......#
######


You could see a wight.

Vanquished Creatures
  Sigmund (D:6)
  A steam dragon (D:7)
  A water moccasin (Sewer)
  Duvessa (D:6)
  3 ice beasts
  2 black bears
  2 sky beasts
  2 phantoms
  A kobold brigand (D:7)
  A necrophage (D:6)
  3 scorpions
  6 wights
  Dowan (D:6)
  2 orc priests
  4 hounds
  5 jellies
  2 iguanas (D:4)
  9 orc wizards
  5 adders
  2 river rats (D:4)
  2 shadow imps
  2 white imps
  2 worms (D:5)
  2 dart slugs (D:2)
  19 orcs
  5 endoplasms
  9 giant cockroaches
  4 goblins
  6 hobgoblins
  2 jackals (Sewer)
  5 kobolds
  6 quokkas
  A ball python (D:2)
  2 bats
  3 frilled lizards
  5 rats
129 creatures vanquished.

Vanquished Creatures (others)
  8 plants
8 creatures vanquished.

Grand Total: 137 creatures vanquished

Notes
Turn   | Place    | Note
-------+----------+-------------------------------------------
     0 | D:1      | Spectrina the Deep Elf Monk began the quest for the Orb.
     0 | D:1      | Reached XP level 1. HP: 13/13 MP: 3/3
    77 | D:1      | Found a faded altar of an unknown god.
    85 | D:1      | Prayed at the altar of an unknown god.
    85 | D:1      | Became a worshipper of Dithmenos the Shadowed
    85 | D:1      | Reached * piety under Dithmenos
    85 | D:1      | Reached ** piety under Dithmenos
   168 | D:1      | Reached XP level 2. HP: 15/18 MP: 4/4
   354 | D:1      | Reached *** piety under Dithmenos
   545 | D:2      | Reached XP level 3. HP: 22/22 MP: 5/5
   567 | D:2      | Found the +1 Delatra's gloves {ID++}
   698 | D:2      | Reached skill level 1 in Invocations
   956 | D:3      | Found a sacrificial altar of Ru.
   997 | D:3      | Reached skill level 5 in Stealth
   997 | D:3      | Reached XP level 4. HP: 17/27 MP: 5/7
  1082 | D:4      | Reached XP level 5. HP: 26/31 MP: 7/9
  1106 | D:4      | Found a white marble altar of Elyvilon.
  1227 | D:4      | Found an ornate altar of the Wu Jian Council.
  1227 | D:4      | Found a hide-covered altar of Uskayaw.
  1257 | D:4      | Found a staircase to the Ecumenical Temple.
  1388 | D:4      | Reached XP level 6. HP: 36/36 MP: 10/10
  1426 | D:4      | Found a glowing drain.
  1433 | D:4      | Reached skill level 1 in Ranged Weapons
  1434 | Sewer    | Entered a sewer
  1445 | Sewer    | Reached **** piety under Dithmenos
  1485 | Sewer    | Noticed a water moccasin
  1510 | Sewer    | Killed a water moccasin
  1511 | Sewer    | Reached skill level 2 in Ranged Weapons
  1589 | D:4      | Reached skill level 3 in Ranged Weapons
  1615 | D:4      | Found an ancient bone altar of Kikubaaqudgha.
  1616 | D:4      | Noticed a sky beast
  1617 | D:4      | Found a blossoming altar of Fedhas.
  1620 | D:4      | Killed a sky beast
  1621 | D:4      | Reached XP level 7. HP: 40/40 MP: 12/12
  1730 | D:5      | Entered Level 5 of the Dungeon
  1896 | D:5      | Reached skill level 4 in Ranged Weapons
  1976 | D:5      | Found a broken altar of Ashenzari.
  1988 | D:5      | Found a shimmering altar of Xom.
  2035 | D:5      | Reached skill level 5 in Ranged Weapons
  2035 | D:5      | Reached skill level 5 in Invocations
  2059 | D:6      | Noticed Duvessa
  2060 | D:6      | Noticed Dowan
  2126 | D:5      | Noticed a moth of wrath
  2129 | D:5      | Found a bloodstained altar of Trog.
  2204 | D:5      | Identified the +1 longbow "Hellblazer" {flame, Dex+3}
  2339 | D:5      | Reached skill level 6 in Ranged Weapons
  2367 | D:5      | Reached XP level 8. HP: 45/45 MP: 14/14
  2579 | D:5      | Reached skill level 7 in Ranged Weapons
  2815 | D:6      | Reached skill level 8 in Ranged Weapons
  2832 | D:6      | Killed Duvessa
  2870 | D:6      | Killed Dowan
  2898 | D:6      | Reached skill level 9 in Ranged Weapons
  2926 | D:6      | Noticed Sigmund
  3078 | D:7      | Reached XP level 9. HP: 13/49 MP: 16/16
  3187 | D:6      | Found an opulent altar of Gozag.
  3287 | D:6      | HP: 1/50 [something (9)]
  3289 | D:6      | Killed Sigmund
  3290 | D:6      | Reached skill level 10 in Ranged Weapons
  3475 | D:7      | Found Abro's Antique Weapon Shoppe.
  3551 | D:7      | Reached ***** piety under Dithmenos
  3581 | D:8      | Reached skill level 11 in Ranged Weapons
  3583 | D:8      | Slain by a wight

Illustrated notes

Levels and vault maps discovered:
D:1:      erik_arrival_blinker_ship, layout_rooms, serial_bayou,
          serial_bayou_crossing, serial_bayou_pond_a, serial_bayou_lagoon_b,
          serial_bayou_shore_b, serial_bayou_shore_b, serial_bayou_lagoon_a,
          shapermc_ecumenical_altar_starsandcircs
D:2:      layout_basic, pf_guarded_unrand_delatra
D:3:      layout_loops_corners, nicolae_ru_great_annihilating_truth,
          uniq_natasha
D:4:      layout_loops_ring, grunt_temple_overflow_growth_and_decay,
          nicolae_overflow_two_pavilions, amcnicky_altar_gilded,
          minmay_temple_entry_mini_moons, gup_sewer_entry_bubbles,
          serial_forest, infiniplex_forest_end_2, infiniplex_forest_lined_2,
          infiniplex_forest_fountain, infiniplex_forest_clump_long
D:5:      layout_basic, grunt_temple_overflow_open, tgw_trog,
          grunt_ministairs_11
D:6:      layout_basic, lemuel_crystal_altar, minmay_fountain_box, uniq_duvessa,
          uniq_sigmund
D:7:      layout_basic, serial_shops, nicolae_shop_trees,
          nicolae_shop_temple_entry_statues_fountains
D:8:      layout_rooms, serial_shops, shop_statue, st_stairs_4

Skill      XL: |  1  2  3  4  5  6  7  8  9 |
---------------+----------------------------+-----
Stealth        | 3 4 5 6 7 8 |  8.0
Invocations    | 1 2 3 4 5 7 |  7.6
Ranged Weapons | 3 6 9 11 | 11.0
Fighting       | 3 |  3.7
Short Blades   | |  3.0
Dodging        | |  3.6

Action                   |  1- 3 |  4- 6 |  7- 9 || total
-------------------------+-------+-------+-------++-------
Melee: Short sword       |   125 |   102 |    45 ||   272
       Punch             |     2 |     2 |       ||     4
 Fire: Sling             |       |    22 |    28 ||    50
       Longbow           |       |       |   158 ||   158
  Use: Potion            |     1 |     4 |     2 ||     7
 Stab: Sleeping          |     8 |    11 |     6 ||    25
       Invisible         |       |     1 |       ||     1
Armor: Robe              |    15 |    19 |    16 ||    50
Dodge: Dodged            |    89 |    83 |    63 ||   235

Table legend: (Time is in decaauts)
 A = Elapsed time spent in this place.
 B = Non-inter-level travel time spent in this place.
 C = Inter-level travel time spent in this place.
 D = Time resting spent in this place.
 E = Time spent auto-exploring this place.
 F = Levels seen in this place.
 G = Mean time per level.
                   A        B        C        D        E       F      G
               +--------+--------+--------+--------+--------+-----+--------+
         Total |   3643 |   3374 |    269 |      0 |      0 |   9 |  404.8 |
       Dungeon |   3522 |   3253 |    269 |      0 |      0 |   8 |  440.2 |
         Sewer |    120 |    120 |      0 |      0 |      0 |   1 |  120.0 |
               +--------+--------+--------+--------+--------+-----+--------+

Top non-repeatable levels by time:
     D:5: 716 daAuts
     D:4: 687 daAuts
     D:6: 620 daAuts
     D:2: 545 daAuts
     D:1: 399 daAuts
     D:7: 348 daAuts
     D:3: 193 daAuts
   Sewer: 120 daAuts
     D:8: 11 daAuts
